 Dungeon Crawl Stone Soup version 0.31.0-9-g3a7656b989 (webtiles) character file.

Game seed: 15316972668625030600

324 Bnni the Chopper (level 6, -3/51 HPs)
             Began as a Formicid Fighter on Feb 3, 2024.
             Slain by Duvessa
             ... wielding a +0 rapier
              (8 damage)
             ... on level 4 of the Dungeon.
             The game lasted 00:04:22 (2551 turns).

Bnni the Chopper (Formicid Fighter)                 Turns: 2551, Time: 00:04:23

Health: -3/51      AC:  9    Str: 22    XL:     6   Next: 77%
Magic:  15/15      EV:  8    Int:  8    God:
Gold:   187        SH:  5    Dex: 13    Spells: 5/5 levels left

rFire   . . .        a - +0 war axe
rCold   . . .        c - +0 buckler
rNeg    . . .        g - +0 chain mail
rPois   .            (helmet unavailable)
rElec   .            (no cloak)
rCorr   .            (no gloves)
SInv    +            (no boots)
Will    .....        (no amulet) Stlth
                     f - ring of magical power
HPRegen 0.28/turn    (no ring)
MPRegen 0.14/turn

%: no passive effects
@: lit by a corona, glowing
A: permanent stasis, dig shafts and tunnels, antennae 3, four strong arms
a: Dig, Shaft Self


You were on level 4 of the Dungeon.
You visited 1 branch of the dungeon, and saw 4 of its levels.

You collected 187 gold pieces.

Inventory:

Hand Weapons
 a - a +0 war axe (weapon)
Armour
 c - a +0 buckler (worn)
 g - a +0 chain mail (worn)
Jewellery
 f - a ring of magical power (left hand)
 m - a +5 ring of evasion
Wands
 d - a wand of iceblast (14)
 l - a wand of flame (14)
Scrolls
 e - 2 scrolls of identify {unknown}
 k - a scroll of blinking {unknown}
 n - a scroll of torment {unknown}
 p - a scroll of enchant weapon {unknown}
 r - a scroll of amnesia {unknown}
 s - a scroll of fog {unknown}
Potions
 b - a potion of lignification {unknown}
 h - a potion of cancellation {unknown}
 i - a potion of brilliance {unknown}
 j - 2 potions of enlightenment {unknown}
 o - 2 potions of ambrosia {unknown}
 q - a potion of curing {unknown}
 t - a potion of attraction {unknown}


   Skills:
 + Level 5.2 Fighting
 * Level 5.5 Axes
 - Level 3.2 Armour
 - Level 4.0 Shields


You had 5 spell levels left.
You didn't know any spells.
Your spell library contained the following spells:

 Spells                   Type           Power      Damage    Failure   Level
 Summon Ice Beast         Ice/Summ       0%         N/A       100%        3
 Summon Mana Viper        Hex/Summ       0%         N/A       100%        5
 Monstrous Menagerie      Summ           0%         N/A       100%        7


Dungeon Overview and Level Annotations

Branches:
Dungeon (4/15)
 Temple: D:4-7

Altars:

Shops:
D:2 [

Annotations:
D:4 Dowan, Duvessa


Innate Abilities, Weirdness & Mutations

You cannot be hasted, slowed, berserked, paralysed or teleported.
You can dig through walls and to a lower floor.
You have a pair of large antennae on your head. (SInv)
Your four strong arms can wield two-handed weapons with a shield.


Message History

* * * LOW HITPOINT WARNING * * *
Unknown command.
Okay, then.
You slash Duvessa!
Duvessa is severely wounded.
You closely miss Dowan. Duvessa hits you but does no damage.
You block Dowan's attack. Duvessa hits you but does no damage.
Unknown command.
You barely miss Duvessa.
Duvessa is severely wounded.
You hit Dowan. Dowan hits you but does no damage.
Duvessa hits you but does no damage. Dowan hits you with a +0 dagger.
* * * LOW HITPOINT WARNING * * *
Unknown command.
You closely miss Duvessa.
Duvessa is severely wounded.
You hit Dowan but do no damage. You block Duvessa's attack.
Dowan hits you with a +0 dagger.
* * * LOW HITPOINT WARNING * * *
Unknown command.
You slash Duvessa!
Duvessa is almost dead.
You closely miss Dowan.
Duvessa gestures with her weapon.
Duvessa hits you but does no damage. Dowan completely misses you.
Unknown command.
You closely miss Dowan. You hit Duvessa but do no damage.
You are no longer glowing.
Duvessa hits you with a +0 rapier.
* * * LOW HITPOINT WARNING * * *
Dowan points at you and mumbles some strange words.
The puff of flame hits you.
* * * LOW HITPOINT WARNING * * *
Duvessa hits you with a +0 rapier.
* * * LOW HITPOINT WARNING * * *
Unknown command.
You miss Dowan. You hit Duvessa but do no damage. Dowan casts a spell at you.
You are outlined in light.
Duvessa hits you with a +0 rapier!
You die...

.... #.[# ....#
#..##
.....###...##
............#
...........#
..........#
.........##
......e@e.#
.....####.## #..
##.## # .# #..##
..# ##..### #..#
##...### #..#
##....# #.[##
#....##
#...##....)###...


You could see Duvessa and Dowan.

Vanquished Creatures
  Sigmund (D:3)
  A hound (D:3)
  Terence (D:2)
  5 adders
  4 dart slugs
  A ribbon worm (D:3)
  2 orcs (D:3)
  4 endoplasms
  5 goblins
  3 hobgoblins (D:1)
  4 jackals (D:2)
  6 quokkas
  9 ball pythons
  5 bats
  5 rats
56 creatures vanquished.

Notes
Turn   | Place    | Note
-------+----------+-------------------------------------------
     0 | D:1      | Bnni the Formicid Fighter began the quest for the Orb.
     0 | D:1      | Reached XP level 1. HP: 18/18 MP: 1/1
    51 | D:1      | Reached XP level 2. HP: 15/24 MP: 2/2
   437 | D:1      | Reached XP level 3. HP: 30/30 MP: 3/3
   984 | D:2      | Noticed Terence
  1000 | D:2      | Killed Terence
  1001 | D:2      | Reached XP level 4. HP: 18/37 MP: 4/4
  1251 | D:2      | Found Daimueki's Antique Armour Emporium.
  1480 | D:2      | Reached XP level 5. HP: 43/43 MP: 5/5
  1753 | D:3      | Noticed Sigmund
  1763 | D:3      | Killed Sigmund
  1764 | D:3      | Reached skill level 5 in Fighting
  1764 | D:3      | Reached skill level 5 in Axes
  1764 | D:3      | Reached XP level 6. HP: 16/51 MP: 6/6
  2498 | D:4      | Noticed Dowan
  2499 | D:4      | Noticed Duvessa
  2551 | D:4      | Slain by Duvessa

Illustrated notes

Levels and vault maps discovered:
D:1:      mrwooster_arrival_statue_2, layout_loops_ring
D:2:      layout_basic, serial_shops, shop, serial_bayou_lagoon_a,
          minmay_quadrilaterals, uniq_terence
D:3:      layout_loops_cross, uniq_sigmund
D:4:      layout_layer_cave, minmay_temple_entry_overgrown, uniq_duvessa

Skill      XL: |  1  2  3  4  5 |
---------------+----------------+-----
Axes           | 3 4 5 |  5.5
Fighting       | 4 5 |  5.2
Armour         | |  3.2
Shields        | |  4.0

Action                     |  1- 3 |  4- 6 || total
---------------------------+-------+-------++-------
  Melee: War axe           |    81 |   116 ||   197
    Use: Potion            |       |     1 ||     1
 Armour: Scale mail        |    24 |       ||    24
         Chain mail        |    42 |   102 ||   144
  Dodge: Dodged            |    29 |    42 ||    71
  Block: Buckler           |    27 |    31 ||    58
